 Dungeon Crawl Stone Soup version 0.26-b1-57-gb162d0664a (webtiles) character file.

Game seed: 13667579833401483212

25957334 sentinel the Bringer of Light (level 27, 215/215 HPs)
             Began as a Gargoyle Fighter on Jan 8, 2021.
             Was the Champion of the Shining One.
             Escaped with the Orb
             ... and 15 runes!
             The game lasted 01:49:58 (57379 turns).

sentinel the Bringer of Light (Gargoyle Fighter)   Turns: 57379, Time: 01:49:58

Health: 215/215    AC: 59    Str: 29    XL:     27
Magic:  40/40      EV: 21    Int: 12    God:    the Shining One [******]
Gold:   567        SH: 40    Dex: 24    Spells: 26/26 levels left

rFire    + + .     SeeInvis +   E - +9 broad axe (flame)
rCold    + . .     Faith    .   X - +8 tower shield
rNeg     + + +     Spirit   .   S - +8 plate armour of Jeugutekh {rN+ Regen+ Str+4 Int+2}
rPois    ∞         Reflect  +   Z - -2 hat of the Alchemist {rElec rPois rF+ rC+ rN+ Will+ rMut rCorr}
rElec    +         Harm     .   g - +2 cloak "Cuwedim" {rF+ Dex+3 SInv Stlth+}
rCorr    +         Rampage  .   Y - +2 pair of gloves {Dex+3}
rMut     +         Clarity  +   a - +2 pair of boots {Stlth+}
Will     +++++                  p - amulet "Xoumis" {Reflect *Corrode Will+++ Dex+2 SH+5 Stlth-}
Stlth    ..........             x - +4 ring of slaying
HPRegen  0.85/turn              j - +4 ring of slaying
MPRegen  0.27/turn

@: flying, glowing
A: big wings, clarity, negative energy resistance 1, robust 1, electricity
resistance, unbreathing, evolution 1, petrification resistance, miasma immunity,
subdued magic 1, AC +20
0: Orb of Zot
}: 15/15 runes: decaying, slimy, silver, golden, iron, obsidian, icy, bone,
abyssal, demonic, glowing, magical, fiery, dark, gossamer
a: Stop Flying, Renounce Religion, Divine Shield, Cleansing Flame, Summon Divine
Warrior


You escaped.
You worshipped the Shining One.
The Shining One was exalted by your worship.
You visited 17 branches of the dungeon, and saw 86 of its levels.
You visited Pandemonium 2 times, and saw 21 of its levels.
You visited the Abyss 2 times.
You also visited: Ossuary, Gauntlet and Volcano.

You collected 7727 gold pieces.
You spent 7160 gold pieces at shops.

Inventory:

Hand Weapons
 o - the +6 sword of Cerebov {flame}
   (You took it off Cerebov in Pandemonium)

   It has been specially enchanted to burn those struck by it, causing extra
   injury to most foes and up to half again as much damage against particularly
   susceptible opponents.
   Big, fiery blades are also staple armaments of hydra-hunters.
   The Shining One disapproves of the use of such an item.
 E - a +9 broad axe of flaming (weapon)
 O - the +10 zealot's sword {holy, *Rage rN+ EV+3}
   (You found it on level 3 of the Tomb of the Ancients)

   It has been blessed by the Shining One to cause great damage to the undead
   and demons.
   It affects your evasion (+3).
   It protects you from negative energy.
   It may make you go berserk in combat.
 U - the +5 hunting sling of Ilig {speed, rN+ Dex+5, unknown}
   (You found it on level 3 of the Tomb of the Ancients)

   Attacks with this weapon are significantly faster.
   It affects your dexterity (+5).
   It protects you from negative energy.
Missiles
 C - 11 throwing nets
 J - 19 silver javelins (quivered)
Armour
 a - a +2 pair of boots of stealth (worn)
 g - the +2 cloak "Cuwedim" (worn) {rF+ Dex+3 SInv Stlth+}
   (You found it on level 14 of the Dungeon)

   It affects your dexterity (+3).
   It protects you from fire.
   It lets you see invisible.
   It makes you more stealthy.
 K - a +0 cloak of stealth
 Q - the +3 buckler "Uxieskuz" {*Drain rElec Will++ Stlth+, unknown}
   (You found it on level 3 of the Tomb of the Ancients)

   It insulates you from electricity.
   It affects your willpower, your defense against some magical effects.
   It causes draining when unequipped.
   It makes you more stealthy.
 S - the +8 plate armour of Jeugutekh (worn) {rN+ Regen+ Str+4 Int+2}
   (You bought it in a shop on level 5 of the Dungeon)

   It affects your strength (+4).
   It affects your intelligence (+2).
   It protects you from negative energy.
   It increases your rate of regeneration.
 X - a +8 tower shield (worn)
 Y - a +2 pair of gloves of dexterity (worn)
 Z - the -2 hat of the Alchemist (worn) {rElec rPois rF+ rC+ rN+ Will+ rMut rCorr}
   (You found it on level 5 of the Vaults)

   It protects you from fire.
   It protects you from cold.
   It insulates you from electricity.
   It protects you from poison.
   It protects you from negative energy.
   It affects your willpower, your defense against some magical effects.
   It provides partial protection from all sources of acid and corrosion.
   It protects you from mutation.
Jewellery
 c - an uncursed ring of protection from cold
 e - an uncursed amulet of regeneration
 i - the ring of Uceced {Fire rN+ Str+2 Stlth+}
   (You found it on level 5 of the Pits of Slime)

   [ring of fire]

   It enhances your fire magic.
   It affects your strength (+2).
   It protects you from fire.
   It makes you vulnerable to cold.
   It protects you from negative energy.
   It makes you more stealthy.
 j - a +4 ring of slaying (right hand)
 m - an uncursed ring of willpower
 p - the amulet "Xoumis" (around neck) {Reflect *Corrode Will+++ Dex+2 SH+5 Stlth-}
   (You bought it in a shop on level 4 of the Depths)

   [amulet of reflection]

   It shields you and reflects attacks.
   It affects your dexterity (+2).
   It affects your willpower, your defense against some magical effects.
   It may corrode you when you take damage.
   It affects your SH (+5).
   It makes you less stealthy.
 x - a +4 ring of slaying (left hand)
Wands
 A - a wand of acid (55)
 D - a wand of digging (14)
 I - a wand of iceblast (43)
 P - a wand of paralysis (52)
Scrolls
 b - 3 scrolls of fear
 f - 2 scrolls of fog
 r - 24 scrolls of identify
 t - 6 scrolls of teleportation
 u - 3 scrolls of magic mapping
 v - 7 scrolls of enchant weapon
 z - 2 scrolls of blinking
 B - 14 scrolls of immolation
 F - 6 scrolls of summoning
 G - 4 scrolls of vulnerability
 R - 4 scrolls of silence {!r}
 W - 14 scrolls of enchant armour
Potions
 d - 4 potions of might
 h - 3 potions of haste
 k - a potion of lignification
 l - 2 potions of magic
 n - a potion of resistance
 q - 25 potions of curing
 s - 8 potions of ambrosia
 w - 6 potions of heal wounds
 H - 6 potions of berserk rage
 M - 9 potions of mutation
 N - 4 potions of cancellation
Miscellaneous
 T - a figurine of a ziggurat
 V - a lightning rod (4/4)


   Skills:
 + Level 26.4 Fighting
 - Level 20.0 Axes
 - Level 11.2 Throwing
 + Level 23.0 Armour
 + Level 16.0 Dodging
 + Level 23.2 Shields
 + Level 26.8 Invocations
 - Level 10.0 Evocations


You had 26 spell levels left.
You didn't know any spells.
Your spell library contained the following spells:

 Spells                   Type           Power        Failure   Level
 Animate Skeleton         Necr           0%           80%         1
 Beastly Appendage        Tmut           0%           80%         1
 Corona                   Hex            0%           80%         1
 Freeze                   Ice            0%           80%         1
 Magic Dart               Conj           0%           80%         1
 Pain                     Necr           0%           80%         1
 Blink                    Tloc           N/A          90%         2
 Call Imp                 Summ           0%           90%         2
 Corpse Rot               Necr/Air       N/A          90%         2
 Ensorcelled Hibernation  Hex/Ice        0%           90%         2
 Poisonous Vapours        Pois/Air       0%           90%         2
 Slow                     Hex            0%           90%         2
 Wereblood                Tmut           0%           90%         2
 Confusing Touch          Hex            0%           99%         3
 Conjure Flame            Conj/Fire      0%           99%         3
 Dazzling Flash           Conj/Hex       0%           99%         3
 Inner Flame              Hex/Fire       0%           99%         3
 Mephitic Cloud           Conj/Pois/Air  0%           99%         3
 Portal Projectile        Hex/Tloc       0%           99%         3
 Spider Form              Tmut/Pois      0%           99%         3
 Static Discharge         Conj/Air       0%           99%         3
 Stone Arrow              Conj/Erth      0%           99%         3
 Summon Guardian Golem    Hex/Summ       0%           99%         3
 Vampiric Draining        Necr           0%           99%         3
 Animate Dead             Necr           0%           100%        4
 Cause Fear               Hex            0%           100%        4
 Dispel Undead            Necr           0%           100%        4
 Ice Form                 Ice/Tmut       0%           100%        4
 Leda's Liquefaction      Hex/Erth       0%           100%        4
 Summon Lightning Spire   Summ/Air       0%           100%        4
 Agony                    Necr           0%           100%        5
 Blade Hands              Tmut           0%           100%        5
 Bolt of Magma            Conj/Fire/Erth 0%           100%        5
 Borgnjor's Vile Clutch   Necr/Erth      0%           100%        5
 Excruciating Wounds      Necr           0%           100%        5
 Iskenderun's Battlesphe  Conj           0%           100%        5
 Lightning Bolt           Conj/Air       0%           100%        5
 Metabolic Englaciation   Hex/Ice        0%           100%        5
 Silence                  Hex/Air        0%           100%        5
 Summon Forest            Summ/Tloc      0%           100%        5
 Summon Mana Viper        Hex/Summ       0%           100%        5
 Yara's Violent Unravell  Hex/Tmut       0%           100%        5
 Conjure Ball Lightning   Conj/Air       0%           100%        6
 Eringya's Noxious Bog    Tmut/Pois      0%           100%        6
 Freezing Cloud           Conj/Ice/Air   0%           100%        6
 Hydra Form               Tmut           0%           100%        6
 Iron Shot                Conj/Erth      0%           100%        6
 Ozocubu's Refrigeration  Ice            0%           100%        6
 Shadow Creatures         Summ           N/A          100%        6
 Simulacrum               Ice/Necr       0%           100%        6
 Haunt                    Necr/Summ      0%           100%        7
 Orb of Destruction       Conj           0%           100%        7
 Spellforged Servitor     Conj/Summ      0%           100%        7
 Summon Hydra             Summ           0%           100%        7
 Discord                  Hex            0%           100%        8
 Ignition                 Fire           0%           100%        8
 Shatter                  Erth           0%           100%        9
 Tornado                  Air            0%           100%        9
 Statue Form              Tmut/Erth      Unusable     N/A         6

Dungeon Overview and Level Annotations

Branches:
Dungeon (15/15)            Temple (1/1) D:7            Lair (6/6) D:9
  Swamp (4/4) Lair:3       Spider (4/4) Lair:4        Slime (5/5) Lair:6
    Orc (2/2) D:11            Elf (0/3) Orc:2        Vaults (5/5) D:14
  Crypt (3/3) Vaults:2       Tomb (3/3) Crypt:3      Depths (5/5) D:15
   Hell (visited)             Dis (7/7) Hell            Geh (7/7) Hell
    Coc (7/7) Hell            Tar (7/7) Hell            Zot (5/5) Depths:5
Ossuary (visited)         Volcano (visited)         Gauntlet (visited)

Altars:
Ashenzari
Cheibriados
Dithmenos
Elyvilon
Fedhas
Gozag
Hepliaklqana
Kikubaaqudgha
Makhleb
Nemelex Xobeh
Okawaru
Qazlal
Ru
Sif Muna
Trog
Uskayaw
Vehumet
Wu Jian
Xom
Yredelemnul
Zin
The Shining One
Jiyva
Lugonu

Shops:
D:5 :(}[   D:9 }=   D:11 *   D:15 (   Orc:1 (   Orc:2 :*[(   Vaults:1 [??
Depths:1 (}}=[!   Depths:2 =   Depths:4 =*

Portals:
Hell: Depths:1 Depths:2 Depths:4
Abyss: D:12 Spider:4 Depths:1 Depths:4
Pandemonium: Depths:3 Depths:4

Annotations:
D:7 3 runed translucent doors, DocSulfur's ghost, novice DrTm
D:8 2 transporters, anything's ghost, journeyman OpBr
D:12 2 transporters, MackTheFife's ghost, journeyman OgFi
Lair:5 exclusion: 2 oklob plants
Swamp:1 2 transporters, 1 exclusion, Jacimip's ghost, journeyman HaHu
Spider:1 1 runed translucent door, robotcentaur's ghost, adept TeNe
Coc:7 exclusion: 2 ice statues


Innate Abilities, Weirdness & Mutations

You are resistant to torment.
Your stone body is resilient. (AC +20)
You are immune to poison.
Your large and strong wings let you fly indefinitely.
You resist negative energy. (rN+)
You are resistant to electric shocks. (rElec)
You can survive without breathing.
You are immune to petrification.
You are immune to miasma.
You possess an exceptional clarity of mind.
You are robust. (+10% HP)
You evolve.
Your spells are a little easier to cast, but a little less powerful.


Message History

But you're not safe! But you're not safe! But you're not safe!
A giant cockroach comes into view.
Found 13 gold pieces.
You block the goblin's attack.
You slice the goblin!! You burn the goblin.
You kill the goblin!
You see here a +0 club.
The giant cockroach closely misses you.
The giant cockroach waves its antennae.
You block the giant cockroach's attack.
You cut the giant cockroach into ribbons!!!
You burn the giant cockroach.
You kill the giant cockroach!
No target in view!
No target in view!
No target in view!
No target in view!
No target in view!
No target in view!
No target in view!
No target in view!
No target in view!
No target in view!
No target in view!
You see here 13 gold pieces.
Found a dagger.
Found a stone staircase leading down.
Found 6 gold pieces.
r - 24 scrolls of identify (gained 1)
An infernal demonspawn comes into view.
It is wielding a +1 demon whip of draining.
But you're not safe! But you're not safe!
The infernal demonspawn shouts!
Found a scroll of random uselessness.
You slash the infernal demonspawn! You slice the infernal demonspawn!!
An infernal black sun comes into view. It is wielding a +0 scimitar.
You block the infernal demonspawn's attack.
You slice the infernal demonspawn!!
You kill the infernal demonspawn!
The Shining One accepts your kill.
The infernal black sun mumbles some strange prayers to Kikubaaqudgha against you.
The bolt of negative energy misses you.
Found an escape hatch in the ceiling.
Things that are here:
a +1 demon whip of draining; a +0 chain mail; an infernal demonspawn corpse You slice the infernal black sun!!
A monstrous demonspawn comes into view.
You open the infernal black sun like a pillowcase!!!
You hear an angry hiss.
You block the infernal black sun's attack.
You slice the infernal black sun!!
You block the infernal black sun's attack.
A lorocyproca comes into view.
You slash the infernal black sun!
You kill the infernal black sun!
The Shining One accepts your kill.
An adder comes into view.
Things that are here:
a +0 scimitar; a +0 chain mail You cut the lorocyproca into ribbons!!!
You burn the lorocyproca! You block the lorocyproca's attack.
You cut the lorocyproca into ribbons!!! You burn the lorocyproca.
You kill the lorocyproca!
The Shining One accepts your kill.
You slash the monstrous demonspawn! You burn the monstrous demonspawn.
You block the monstrous demonspawn's attack. x3
You slice the monstrous demonspawn!! You burn the monstrous demonspawn!
You slash the monstrous demonspawn! You burn the monstrous demonspawn.
You block the monstrous demonspawn's attack. x3
But you're not safe! But you're not safe! But you're not safe!
But you're not safe!
You slice the monstrous demonspawn!! You burn the monstrous demonspawn!
You kill the monstrous demonspawn!
The Shining One accepts your kill.
You closely miss the adder. You block the adder's attack.
You slice the adder!! You burn the adder.
You kill the adder!
No target in view!
No target in view!
No target in view!
No target in view!
No target in view!
An orange demon comes into view.
The orange demon screeches!
Things that are here:
a +0 ring mail; a scroll of random uselessness You can't go up here!
You block the orange demon's attack. x2
You chop the orange demon into pieces!!!
You burn the orange demon. You block the orange demon's attack. x2
You slash the orange demon! You burn the orange demon.
You block the orange demon's attack. x2
You slice the orange demon!! You burn the orange demon.
You kill the orange demon!
The Shining One accepts your kill.
No target in view!
No target in view!
No target in view!
No target in view!
No target in view!
No target in view!
There is an escape hatch in the ceiling here.
A mysterious force pulls you upwards. The hatch slams shut behind you.
The ball python hisses angrily.
A rat comes into view.
But you're not safe! But you're not safe!
You slice the rat!! You burn the rat.
You kill the rat!
You block the ball python's attack. x2
The ball python bites you but does no damage.
You block the ball python's attack.
You barely miss the ball python. You slice the ball python!!
You burn the ball python.
You kill the ball python!
No target in view!
No target in view!
No target in view!
No target in view!
No target in view!
No target in view!
No target in view!
No target in view!
No target in view!
No target in view!
(D) Dungeon (T) Temple (L) Lair (S) Swamp (N) Spider Nest (M) Slime Pits (O) Orcish Mines (E) Elven Halls (V) Vaults (C) Crypt (W) Tomb (U) Depths (H) Hell (I) Dis (G) Gehenna (X) Cocytus (Y) Tartarus (Z) Zot
Where to? (Enter - D:3 @ (x,y), ? - help)
What level of the Dungeon? (default 1, ? - help)
Things that are here:
a bat skeleton; a bat skeleton You see here a rat skeleton.
You see here a rat skeleton.
There is a stone staircase leading up here.
You fly upwards.
There is a stone staircase leading down here.
You can't go up here!
Unknown command.
There is an open door here.
There is an open door here.
There is a staircase leading out of the dungeon here.
You have escaped!

...........##
##########..#
##.# #.##
#..# ##.#
#####'#####
#..#...#..#
#..'...'.@#
#P.#...#P.#
####...####
#..#...#..#
#..'...'..#
#P.#...#P.#
####.#.####
#..#.#.#..#
#(.'...'..#


There were no monsters in sight!

Vanquished Creatures
  Cerebov (Pan)
  3 pandemonium lords (Pan)
  Antaeus (Coc:7)
  Asmodeus (Geh:7)
  the Royal Jelly (Slime:5)
  Gloorx Vloq (Pan)
  Ereshkigal (Tar:7)
  Mnoleg (Pan)
  Dispater (Dis:7)
  Mara (Depths:3)
  An orb of fire (Zot:3)
  3 ancient liches
  Boris (twice) (Tomb:2 Zot:3)
  6 royal mummies (Tomb:3)
  2 Killer Klowns
  4 shard shrikes
  Xtahua (Crypt:3)
  A curse toe (Zot:4)
  4 caustic shrikes (Depths:5)
  Geryon (Hell)
  6 golden dragons
  Nikola (Depths:3)
  A profane servitor (Abyss:5)
  Arachne (Spider:3)
  9 Tzitzimimeh
  11 bone dragons
  11 Brimstone Fiends
  3 doom hounds
  An iron giant (Dis:7)
  6 Hell Sentinels
  A hellephant (Abyss:5)
  Jorgrun (D:13)
  5 liches
  7 tentacled monstrosities
  6 Ice Fiends
  2 Orb Guardians
  25 titans
  3 deep elf master archers
  2 quicksilver dragons (Dis:7)
  5 deep elf blademasters
  4 death cobs
  Murray (Hell)
  13 acid blobs
  Agnes (Spider:4)
  4 tengu reavers
  2 tentacled starspawn
  A thorn hunter (Swamp:4)
  6 ancient champions
  8 storm dragons
  6 draconian monks
  8 sphinxes
  15 Executioners
  10 shadow dragons
  4 revenants
  11 azure jellies
  3 draconian knights
  7 deep elf sorcerers
  15 frost giants
  22 fire giants
  3 draconian scorchers
  4 ghost moths
  25 balrugs
  An orc warlord (Orc:2)
  2 emperor scorpions (Spider:4)
  A daeva (Pan)
  5 iron dragons
  Louise (Swamp:4)
  A ghoul (Vaults:2)
  5 warmongers (Pan)
  6 curse skulls
  5 cacodemons
  9 draconian shifters
  3 vault wardens
  2 draconian stormcallers
  An angel (Pan)
  6 draconian annihilators
  35 reapers
  2 elemental wellsprings
  10 ironheart preservers
  17 war gargoyles
  6 vampire knights
  4 blood saints (Pan)
  21 very ugly things
  5 green draconians
  35 stone giants
  4 black suns
  A bennu (Tomb:3)
  3 deep elf demonologists
  3 deep elf annihilators
  Nessos (Lair:6)
  An entropy weaver (Spider:2)
  8 red draconians
  13 black draconians
  A bunyip (Swamp:3)
  8 lorocyprocas
  7 purple draconians
  A minotaur (Gauntlet)
  4 dire elephants
  8 yellow draconians
  A spectral titan (Crypt:3)
  5 white draconians
  12 ettins
  8 spark wasps
  9 eidola
  An eleionoma (Swamp:3)
  10 fire dragons
  19 mummy priests
  12 ogre magi
  Josephine (D:15)
  7 deep elf death magi
  11 green deaths (Pan)
  11 death oozes
  A spectral golden dragon (Crypt:3)
  11 yaktaur captains
  3 deep elf high priests
  11 jiangshi
  A quicksilver dragon zombie (Coc:4)
  11 blizzard demons
  2 shambling mangroves (Swamp:4)
  Fannar (Lair:1)
  15 great orbs of eyes
  2 kraken zombies
  2 quicksilver dragon skeletons
  12 ice dragons
  5 rakshasas
  9 boulder beetles
  A naga warrior (Abyss:1)
  A monstrous demonspawn (D:3)
  10 hydras
  2 hell beasts
  22 vault guards (Vaults:5)
  A spriggan air mage (Depths:4)
  6 ghost crabs
  59 two-headed ogres
  Erica (Lair:1)
  9 centaur warriors
  6 death knights
  6 alligators
  21 death scarabs (Tomb:1)
  A queen ant (Lair:3)
  5 deep troll shamans
  22 hell hogs
  5 deep troll earth magi
  3 tengu warriors
  10 vampire magi
  A dancing weapon (Vaults:5)
  5 orc high priests (Orc:2)
  5 titan zombies
  5 thrashing horrors
  A spriggan berserker (Depths:3)
  A shock serpent (shapeshifter) (Gauntlet)
  3 shock serpents (Pan)
  29 sun demons
  16 deep elf knights
  5 storm dragon zombies
  Nergalle (Lair:1)
  A fire crab (Volcano)
  8 iron golems
  25 soul eaters
  4 titan skeletons
  3 wretched stars (Abyss:5)
  75 skeletal warriors
  4 storm dragon skeletons
  8 iron trolls
  7 sixfirhies
  7 anaconda zombies
  A spatial maelstrom (Abyss:5)
  18 shadow wraiths
  18 deep trolls
  A death drake (Swamp:4)
  30 hell knights
  4 gelid demonspawn (Pan)
  3 goliath frogs
  4 swamp dragons
  5 flayed ghosts
  A glowing orange brain (shapeshifter) (Gauntlet)
  2 spriggan druids
  12 deep elf archers
  6 infernal demonspawn
  A ghost moth zombie (Geh:6)
  A bunyip skeleton (Crypt:2)
  5 unseen horrors
  A torturous demonspawn (Pan)
  6 wizards
  A golden dragon zombie (Geh:7)
  3 glowing orange brains
  20 shadow demons
  20 phantasmal warriors
  2 spectral anacondas (Crypt:3)
  2 lindwurms
  A spectral hydra (Swamp:4)
  A swamp dragon (shapeshifter) (Vaults:3)
  10 ironbrand convokers
  A spectral wolf spider (Crypt:3)
  2 shadow dragon zombies
  A wolf spider zombie (Coc:2)
  9 necromancers
  3 iron dragon zombies
  A golden dragon skeleton (Tar:2)
  7 bog bodies
  14 orc knights
  Pikel (D:8)
  A harpy (shapeshifter) (D:14)
  12 orb spiders
  6 anaconda skeletons
  4 small abominations
  6 harpies
  24 deep elf magi
  4 stone giant zombies
  31 wolf spiders
  A salamander (shapeshifter) (Vaults:2)
  3 shining eyes (Slime:5)
  48 ugly things
  2 fire giant zombies
  6 cyclopes
  4 shadow dragon skeletons
  A sphinx skeleton (Depths:2)
  3 dire elephant zombies
  4 salamanders
  5 iron dragon skeletons
  6 orc sorcerers
  An elephant (shapeshifter) (Abyss:5)
  10 will-o-the-wisps
  4 manticores
  11 moths of wrath
  5 elephants
  An ice statue (Hell)
  A shock serpent zombie (Geh:2)
  A guardian serpent (Abyss:1)
  27 rust devils
  26 smoke demons
  2 stone giant skeletons
  A naga mage (Abyss:1)
  5 fire giant skeletons
  3 eyes of devastation
  2 frost giant skeletons
  15 molten gargoyles
  A torpor snail (shapeshifter) (Vaults:5)
  3 black mambas
  10 vault sentinels
  11 orange demons
  2 catoblepas zombies
  14 cane toads
  3 water nymphs (shapeshifter)
  6 gargoyles
  47 yaktaurs
  An emperor scorpion zombie (Coc:7)
  2 dire elephant skeletons
  2 shock serpent skeletons
  10 hellions
  A rime drake (Lair:6)
  A yellow draconian zombie (Crypt:2)
  A minotaur skeleton (Geh:6)
  A tengu conjurer (D:14)
  38 freezing wraiths
  18 demonic crawlers
  5 efreet
  31 tormentors
  2 spriggan skeletons
  34 ice devils
  2 ancient zymes (Abyss:5)
  3 swamp worm zombies (Swamp:4)
  16 red devils
  9 komodo dragons
  A catoblepas skeleton (Dis:6)
  15 hellwings (Pan)
  A yaktaur zombie (Vaults:4)
  A silent spectre (Tar:1)
  An anaconda simulacrum (Hell)
  15 guardian mummies
  6 hydra zombies
  A queen bee (Gauntlet)
  A polar bear (shapeshifter) (Depths:1)
  10 trolls
  Grinder (D:5)
  2 polar bears
  18 jumping spiders
  3 raiju (Abyss:5)
  18 hornets
  A harpy zombie (Dis:5)
  41 slime creatures
  7 hydra skeletons
  A tyrant leech (shapeshifter) (Depths:5)
  6 alligator zombies
  4 ettin zombies
  A harpy skeleton (Tar:6)
  27 blink frogs
  A spectral manticore (Crypt:3)
  A blink frog (shapeshifter) (Depths:1)
  A slime creature (shapeshifter) (D:14)
  6 tyrant leeches
  A dream sheep (Lair:5)
  An iron dragon simulacrum (Depths:2)
  2 ice dragon zombies
  Sigmund (D:4)
  4 spectral swamp dragons (Swamp:4)
  A stone giant simulacrum (Coc:4)
  A fire dragon zombie (Tar:1)
  59 redbacks
  An ettin skeleton (Dis:1)
  A black mamba zombie (Geh:2)
  33 wraiths
  10 ynoxinuls (Pan)
  18 shadows
  11 starcursed masses (Abyss:5)
  59 flying skulls
  5 alligator skeletons
  An ice dragon skeleton (Dis:5)
  12 ushabtiu
  6 spriggans
  4 fire bats (Volcano)
  A dire elephant simulacrum (Abyss:1)
  62 yaks
  2 spriggans (shapeshifter)
  16 tarantellas
  9 wyverns
  3 fire dragon skeletons
  15 water elementals
  A black mamba skeleton (Crypt:3)
  A tarantella (shapeshifter) (Depths:1)
  7 fire elementals
  7 golden eyes
  16 large abominations
  4 steam dragons
  5 vampire mosquitoes (Swamp:2)
  7 basilisks
  19 chaos spawn
  16 neqoxecs
  2 nagas (Abyss:1)
  9 swamp worms
  7 spatial vortices
  A torturous demonspawn zombie (Crypt:1)
  2 soldier ants (shapeshifter)
  Edmund (D:4)
  3 wargs
  13 soldier ants (Lair:3)
  40 hell hounds
  14 water moccasins
  A glowing shapeshifter zombie (Crypt:2)
  A water moccasin (shapeshifter) (Depths:2)
  5 cane toad zombies
  A floating eye (Slime:5)
  5 sky beasts
  47 orc warriors
  2 hydra simulacra
  3 swamp drakes (Swamp:3)
  A black bear (D:11)
  11 ice beasts
  An ettin simulacrum (Vaults:4)
  4 eyes of draining
  13 phantoms
  2 snapping turtle zombies (Coc:6)
  6 swamp dragon zombies
  12 wolves
  3 cane toad skeletons
  An alligator simulacrum (Coc:2)
  2 manticore zombies
  13 necrophages
  A snapping turtle skeleton (Geh:7)
  5 boggarts (Depths:4)
  A wolf (shapeshifter) (Depths:2)
  23 centaurs
  35 ogres
  3 lemures (D:8)
  3 big kobolds
  A rime drake zombie (Crypt:1)
  2 manticore skeletons (Geh:6)
  A palentonga zombie (Crypt:3)
  2 elf zombies
  Blork the orc (D:4)
  17 bullfrogs
  A salamander skeleton (Crypt:2)
  A cane toad simulacrum (Coc:7)
  2 wyvern skeletons
  11 killer bees
  4 scorpions
  A spriggan zombie (Dis:6)
  2 human simulacra (Vaults:3)
  43 wights
  12 electric eels
  4 howler monkeys
  A polar bear skeleton (Crypt:1)
  A snapping turtle simulacrum (Tar:5)
  A troll skeleton (Geh:6)
  A wolf zombie (Crypt:3)
  4 bullfrog zombies
  11 lava snakes
  4 centaur zombies
  4 quasits
  23 orc priests
  5 jellies
  2 human skeletons
  4 human zombies (Crypt:1)
  7 hounds
  7 iron imps
  5 centaur skeletons
  6 iguanas
  31 orc wizards
  2 spectral swamp drakes (Swamp:4)
  22 worker ants
  A killer bee zombie (D:9)
  2 bullfrog simulacra (D:9)
  A naga zombie (Tar:3)
  A tengu zombie (Crypt:2)
  A hound skeleton (D:5)
  29 mummies
  3 gnolls (D:4)
  A swamp drake zombie (Swamp:4)
  14 adders
  A howler monkey skeleton (D:6)
  A hound simulacrum (D:9)
  A steam dragon skeleton (Crypt:1)
  7 shadow imps
  21 white imps
  3 worker ant simulacra (D:9)
  7 ufetubi
  An ooze (D:1)
  8 adder skeletons
  3 adder zombies
  3 worms (D:2)
  4 dart slugs
  9 leopard geckos
  111 orcs
  6 bats
  A bat zombie (Crypt:1)
  5 giant cockroaches
  8 goblins
  6 hobgoblins
  6 jackals
  5 quokkas
  4 ball pythons
  2 frilled lizards
  A gnoll zombie (Crypt:2)
  3 goblin zombies (Ossuary)
  A hobgoblin zombie (Ossuary)
  9 kobolds
  A kobold simulacrum (Coc:7)
  3 kobold zombies (Ossuary)
  An orc zombie (Crypt:1)
  2 quokka skeletons
  A quokka zombie (D:8)
  11 rats
  A rat zombie (D:8)
  2 ball lightnings (Pan)
  A briar patch (Swamp:4)
  A lurking horror (Spider:4)
  2 starspawn tentacles
  2 tentacles
3413 creatures vanquished.

Vanquished Creatures (collateral kills)
  the Serpent of Hell (Coc:7)
  A royal mummy (Tomb:1)
  Boris (Tomb:3)
  A pandemonium lord (Pan)
  A Killer Klown (Zot:1)
  A golden dragon (Vaults:5)
  A bone dragon (Swamp:4)
  2 liches
  An Ice Fiend (Coc:7)
  2 Hell Sentinels
  A quicksilver dragon (Dis:7)
  2 ancient champions
  A shadow dragon (Vaults:5)
  2 death cobs (Zot:1)
  A tengu reaver (Vaults:4)
  2 fire giants
  3 iron dragons
  2 frost giants
  A cacodemon (Pan)
  A draconian scorcher (Geh:4)
  3 vault wardens
  A balrug (Pan)
  Aizul (Swamp:4)
  7 reapers
  A war gargoyle (Dis:7)
  3 ironheart preservers
  2 stone giants
  A deep elf demonologist (Vaults:1)
  3 very ugly things
  A bennu (Tomb:3)
  A deep elf annihilator (Vaults:1)
  2 entropy weavers
  3 dire elephants (Abyss:5)
  A white draconian (Zot:2)
  2 bunyips
  An ettin (Vaults:5)
  A spectral quicksilver dragon (Crypt:3)
  4 mummy priests (Tomb:1)
  2 eidola (Crypt:3)
  2 green deaths (Pan)
  A death ooze (Depths:2)
  6 yaktaur captains
  A deep elf high priest (Vaults:5)
  2 ice dragons
  2 vault guards (Vaults:5)
  A hell beast (Depths:2)
  3 hydras
  4 boulder beetles
  A spectral shadow dragon (Crypt:3)
  2 death scarabs (Tomb:1)
  4 ogre magi
  5 two-headed ogres
  An alligator (Swamp:1)
  3 soul eaters
  3 thrashing horrors (Abyss:5)
  3 iron golems (Dis:7)
  A hell knight (Geh:7)
  A titan skeleton (Tar:1)
  2 sun demons (Pan)
  4 deep elf knights
  3 titan zombies
  8 skeletal warriors
  A shadow wraith (Crypt:3)
  3 deep trolls
  5 flayed ghosts
  2 bog bodies (Swamp:4)
  A spectral hydra (Crypt:3)
  4 harpies
  2 ironbrand convokers
  4 deep elf archers
  7 orb spiders
  An orc sorcerer (Vaults:4)
  2 wolf spiders
  A fire giant zombie (Tar:1)
  A necromancer (Depths:2)
  3 will-o-the-wisps (Swamp:4)
  3 deep elf magi
  A manticore (D:13)
  4 slime creatures
  5 ugly things
  A salamander (Geh:7)
  A stone giant zombie (Dis:7)
  3 moths of wrath
  3 rust devils
  An ice statue (Coc:7)
  An elephant (shapeshifter) (Depths:1)
  2 vault sentinels
  A torpor snail (Spider:3)
  A smoke demon (Abyss:5)
  A catoblepas zombie (Tar:1)
  A dire elephant skeleton (Coc:5)
  8 yaktaurs
  A swamp worm zombie (Swamp:4)
  9 freezing wraiths
  2 ice devils
  An efreet (Geh:7)
  2 red devils
  2 tormentors
  6 jumping spiders
  6 guardian mummies
  2 hornets
  An ice dragon zombie (Tar:7)
  2 flying skulls (Coc:5)
  An alligator zombie (Coc:5)
  10 redbacks
  2 starcursed masses (Abyss:5)
  An alligator skeleton (Coc:5)
  4 ushabtiu (Tomb:3)
  A spriggan (Swamp:4)
  4 tarantellas (Spider:4)
  3 wraiths
  A ynoxinul (Pan)
  A water elemental (D:14)
  2 fire elementals (Hell)
  4 yaks
  A warg (Vaults:5)
  3 neqoxecs (Pan)
  An acid dragon (Vaults:2)
  2 swamp worms
  5 hell hounds
  A cane toad zombie (Coc:7)
  2 large abominations (Abyss:5)
  A monstrous demonspawn skeleton (Tomb:3)
  An orc warrior (Vaults:5)
  A snapping turtle zombie (Tar:1)
  A swamp dragon zombie (Swamp:4)
  A manticore zombie (Tar:1)
  2 phantoms
  An ice beast (Coc:5)
  4 ogres
  3 centaurs
  An electric eel (D:14)
  2 centaur skeletons
  4 jellies (Depths:2)
  A bullfrog skeleton (D:12)
  A mummy (Tomb:1)
  2 oozes (Depths:2)
  3 orcs
  3 kobolds (D:13)
  A tentacle (Coc:7)
321 creatures vanquished.

Vanquished Creatures (others)
  A lich (Depths:4)
  A titan (Geh:5)
  A fire giant (Geh:7)
  A draconian scorcher (Depths:5)
  2 draconian annihilators (Pan)
  An elemental wellspring (Coc:7)
  A red draconian (Zot:3)
  A fire dragon (Depths:3)
  2 blizzard demons (Pan)
  A rakshasa (Pan)
  2 hell hogs
  A soul eater (Hell)
  A sun demon (Pan)
  A wizard (Pan)
  A glowing orange brain (Pan)
  An anaconda skeleton (Tar:1)
  A deep elf mage (Geh:5)
  2 yaktaurs
  An efreet (Geh:7)
  An ice devil (Pan)
  A jumping spider (Spider:3)
  A bloated husk (Swamp:2)
  3 hell hounds (Geh:3)
  A necrophage (Geh:2)
  3 wights (Tar:1)
  An orc priest (D:13)
  A shadow imp (Tar:6)
  An orc (Orc:2)
  25 ball lightnings (Pan)
  2 blocks of ice (Pan)
  45 foxfires (Swamp:4)
  18 fungi
  56 plants
  4 starspawn tentacles
  5 tentacles
191 creatures vanquished.

Grand Total: 3925 creatures vanquished

Notes
Turn   | Place    | Note
-------+----------+-------------------------------------------
     0 | D:1      | sentinel the Gargoyle Fighter began the quest for the Orb.
     0 | D:1      | Reached XP level 1. HP: 14/14 MP: 1/1
   311 | D:1      | Reached XP level 2. HP: 18/19 MP: 2/2
   733 | D:1      | Reached XP level 3. HP: 24/24 MP: 3/3
  1224 | D:2      | Reached XP level 4. HP: 27/29 MP: 4/4
  1278 | D:2      | You fall into a shaft and drop 2 floors!
  1281 | D:4      | Noticed an ogre
  1289 | D:4      | Killed an ogre
  1290 | D:4      | Reached XP level 5. HP: 27/34 MP: 5/5
  1464 | D:4      | Reached XP level 6. HP: 38/40 MP: 6/6
  1465 | D:4      | Reached skill level 5 in Fighting
  1525 | D:4      | Reached skill level 5 in Axes
  1554 | D:4      | Noticed Edmund
  1585 | D:4      | Killed Edmund
  1586 | D:4      | Reached XP level 7. HP: 32/44 MP: 7/7
  1713 | D:4      | Noticed Blork the orc
  1728 | D:4      | Killed Blork the orc
  1798 | D:4      | Noticed Sigmund
  1821 | D:4      | Killed Sigmund
  2051 | D:5      | Entered Level 5 of the Dungeon
  2094 | D:5      | Found Zimytzig's Antique Weapon Emporium.
  2174 | D:5      | Found an iron altar of Okawaru.
  2176 | D:5      | Found Okaqubif's Book Boutique.
  2192 | D:5      | Became a worshipper of Warmaster Okawaru
  2206 | D:5      | Reached skill level 1 in Invocations
  2206 | D:5      | Reached XP level 8. HP: 44/52 MP: 8/8
  2280 | D:5      | Found Bogecici's Gadget Emporium.
  2325 | D:5      | Found a bloodstained altar of Trog.
  2369 | D:5      | Noticed Grinder
  2378 | D:5      | Killed Grinder
  2385 | D:5      | Found Ykeekuk's Antique Armour Emporium.
  2798 | D:5      | Reached * piety under Okawaru
  3105 | D:6      | Reached XP level 9. HP: 49/57 MP: 8/11
  3587 | D:7      | Noticed a cyclops
  3609 | D:7      | Killed a cyclops
  3609 | D:7      | Reached ** piety under Okawaru
  3802 | D:7      | Found a runed translucent gate.
  3803 | D:7      | Found a runed translucent gate.
  3805 | D:7      | Found a runed translucent gate.
  3927 | D:7      | Noticed DocSulfur's ghost (novice DrTm)
  3975 | D:7      | Reached *** piety under Okawaru
  3976 | D:7      | Reached skill level 5 in Armour
  3976 | D:7      | Reached skill level 5 in Invocations
  3976 | D:7      | Reached XP level 10. HP: 53/64 MP: 13/13
  3980 | D:7      | Reached skill level 5 in Shields
  4029 | D:7      | Found a staircase to the Ecumenical Temple.
  4581 | D:8      | Noticed Pikel
  4593 | D:8      | Killed Pikel
  4619 | D:8      | Noticed anything's ghost (journeyman OpBr)
  4706 | D:8      | Noticed a boulder beetle
  4737 | D:8      | Killed a boulder beetle
  4737 | D:8      | Received a gift from Okawaru
  4889 | D:8      | Found a transporter.
  4896 | D:8      | Found a transporter.
  5023 | D:8      | Reached skill level 10 in Axes
  5090 | D:8      | Found a sand-covered staircase.
  5097 | Ossuary  | Entered an ossuary
  5234 | Ossuary  | Reached **** piety under Okawaru
  5750 | D:8      | Noticed a two-headed ogre
  5758 | D:8      | Killed a two-headed ogre
  5759 | D:8      | Reached XP level 11. HP: 71/71 MP: 13/15
  6425 | D:9      | Reached skill level 1 in Evocations
  6511 | D:9      | Found a staircase to the Lair.
  6746 | D:9      | Found Imubbe Jiot's Jewellery Boutique.
  6787 | D:9      | Found Laumpyg's Gadget Boutique.
  7117 | D:10     | Entered Level 10 of the Dungeon
  7127 | D:10     | Reached ***** piety under Okawaru
  7258 | D:10     | Received a gift from Okawaru
  7531 | D:10     | Killed an unseen horror
  8040 | D:11     | Found Eggoutt's General Store.
  8178 | D:11     | Reached XP level 12. HP: 76/77 MP: 14/17
  8370 | D:11     | Found a staircase to the Orcish Mines.
  8478 | D:11     | Reached skill level 10 in Fighting
  8744 | D:11     | Noticed a centaur warrior
  8771 | D:11     | Killed a centaur warrior
  9028 | D:5      | Bought a runed helmet for 262 gold pieces
  9118 | Lair:1   | Entered Level 1 of the Lair of Beasts
  9176 | Lair:1   | Received a gift from Okawaru
  9177 | Lair:1   | Found the +8 frozen axe "Frostbite" {freezing cloud, *Noise
                  | +Fly rC+}
  9352 | Lair:1   | Noticed Fannar
  9364 | Lair:1   | Killed Fannar
  9454 | Lair:1   | Noticed Nergalle
  9474 | Lair:1   | Killed Nergalle
  9506 | Lair:1   | Noticed Erica
  9513 | Lair:1   | Killed Erica
  9942 | Lair:2   | Found a basalt altar of Yredelemnul.
 10253 | Lair:2   | Noticed a five-headed hydra
 10266 | Lair:2   | Killed a one-headed hydra
 10266 | Lair:2   | Reached ****** piety under Okawaru
 10938 | Lair:3   | Reached XP level 13. HP: 83/83 MP: 12/19
 10978 | Lair:3   | Received a gift from Okawaru
 10994 | Lair:3   | Reached skill level 1 in Dodging
 11221 | Lair:3   | Reached skill level 5 in Evocations
 11500 | Lair:3   | Found a staircase to the Swamp.
 12667 | Lair:4   | Found a hole to the Spider Nest.
 14159 | Lair:5   | Found a sparkling altar of Nemelex Xobeh.
 14199 | Lair:5   | Received a gift from Okawaru
 15407 | Lair:5   | Gained mutation: Your large and strong wings let you fly
                  | indefinitely. [Gargoyle growth]
 15407 | Lair:5   | Reached XP level 14. HP: 82/90 MP: 21/21
 15632 | Lair:6   | Entered Level 6 of the Lair of Beasts
 15635 | Lair:6   | Noticed Nessos
 15646 | Lair:6   | Killed Nessos
 15905 | Lair:6   | Found a dark tunnel.
 16073 | Volcano  | Entered a volcano
 16352 | Volcano  | Found a burning altar of Makhleb.
 16358 | Volcano  | Reached skill level 10 in Armour
 16651 | Lair:6   | Received a gift from Okawaru
 16652 | Lair:6   | Reached skill level 10 in Invocations
 16881 | Lair:6   | Found a staircase to the Slime Pits.
 17023 | Lair:6   | Reached skill level 10 in Shields
 17141 | Lair:6   | Received a gift from Okawaru
 17525 | Lair:6   | Received a gift from Okawaru
 17569 | Lair:6   | Got a warped scale mail {god gift}
 17762 | Lair:6   | Found a large runed translucent door.
 17762 | Lair:6   | Found a large runed translucent door.
 18562 | Lair:6   | Identified the +3 scale mail of Experimentation {rElec
                  | rPois} (Okawaru gifted it to you on level 6 of the Lair of
                  | Beasts)
 18822 | Orc:1    | Entered Level 1 of the Orcish Mines
 18891 | Orc:2    | Entered Level 2 of the Orcish Mines
 18891 | Orc:2    | Found a staircase to the Elven Halls.
 19102 | Orc:2    | Reached XP level 15. HP: 9/96 MP: 15/22
 19619 | Orc:2    | Noticed an orc warlord
 20043 | Orc:2    | Killed an orc warlord
 20661 | Orc:2    | Found a bloodstained altar of Trog.
 20851 | Orc:2    | Found Waduewurozi's Antique Armour Emporium.
 20852 | Orc:2    | Found Lab Xosi's Antique Weapon Shoppe.
 20853 | Orc:2    | Found Jeywkoim's General Store.
 20853 | Orc:2    | Found Dat Ocaz's Book Emporium.
 20857 | Orc:2    | Bought a scroll of fog for 32 gold pieces
 20868 | Orc:2    | Bought a shimmering war axe for 255 gold pieces
 20868 | Orc:2    | Identified the cursed +1 war axe of the Freezing Blowfly
                  | {venom, rElec rC+} (You bought it in a shop on level 2 of
                  | the Orcish Mines)
 21456 | Orc:1    | Received a gift from Okawaru
 21548 | Orc:1    | Found Baepleam's Weapon Shoppe.
 21787 | D:5      | Bought a faintly glowing plate armour for 980 gold pieces
 21797 | D:5      | Identified the +8 plate armour of Jeugutekh {rN+ Regen+
                  | Str+4 Int+2} (You bought it in a shop on level 5 of the
                  | Dungeon)
 21983 | D:12     | Found a gate leading to a gauntlet.
 22006 | Gauntlet | Entered a Gauntlet
 22006 | Gauntlet | Found a large runed translucent door.
 22006 | Gauntlet | Found a large runed translucent door.
 22006 | Gauntlet | Found a large runed translucent door.
 22006 | Gauntlet | Found a transporter.
 22006 | Gauntlet | Found a large runed translucent door.
 22006 | Gauntlet | Found a runed translucent door.
 22006 | Gauntlet | Found a large runed translucent door.
 22006 | Gauntlet | Found a large runed translucent door.
 22006 | Gauntlet | Found a large runed translucent door.
 22006 | Gauntlet | Found a large runed translucent door.
 22006 | Gauntlet | Found a runed translucent gate.
 22006 | Gauntlet | Found a runed translucent gate.
 22006 | Gauntlet | Found a transporter.
 22006 | Gauntlet | Found a transporter.
 22016 | Gauntlet | Found a transporter.
 22020 | Gauntlet | Found a transporter.
 22030 | Gauntlet | Found a transporter.
 22038 | Gauntlet | Found a transporter.
 22056 | Gauntlet | Found a transporter.
 22063 | Gauntlet | Found a transporter.
 22063 | Gauntlet | Found a transporter.
 22065 | Gauntlet | Found a transporter.
 22076 | Gauntlet | Found a transporter.
 22080 | Gauntlet | Found a runed translucent gate.
 22084 | Gauntlet | Found a runed translucent door.
 22095 | Gauntlet | Found a large runed translucent door.
 22095 | Gauntlet | Found a large runed translucent door.
 22095 | Gauntlet | Found a large runed translucent door.
 22095 | Gauntlet | Found a large runed translucent door.
 22096 | Gauntlet | Found a large runed translucent door.
 22096 | Gauntlet | Found a large runed translucent door.
 22097 | Gauntlet | Found a large runed translucent door.
 22097 | Gauntlet | Found a large runed translucent door.
 22193 | Gauntlet | Reached skill level 5 in Dodging
 22324 | Gauntlet | Identified the +3 shortbow "Pasath" {flame, Will+ Int+3}
 22340 | Gauntlet | Got a dazzling battleaxe
 22394 | D:12     | Noticed MackTheFife's ghost (journeyman OgFi)
 22403 | D:12     | You fall into a shaft and drop 1 floor!
 22442 | D:13     | Noticed Jorgrun
 22461 | D:13     | Killed Jorgrun
 22518 | D:13     | Received a gift from Okawaru
 22574 | D:13     | Got a fine falchion {god gift}
 23143 | D:12     | Reached XP level 16. HP: 103/103 MP: 24/24
 23154 | D:12     | Received a gift from Okawaru
 23280 | D:12     | Found a one-way gate to the infinite horrors of the Abyss.
 23290 | D:12     | Identified the cursed +1 battleaxe of Proximity {distort,
                  | Int+6 Dex-3}
 23296 | D:12     | Found a transporter.
 23298 | D:12     | Found a transporter.
 23822 | D:14     | Got a masterwork cloak
 24284 | D:14     | Found a gate to the Vaults.
 24412 | D:15     | Entered Level 15 of the Dungeon
 24425 | D:15     | Found a staircase to the Depths.
 24553 | D:15     | Noticed Josephine
 24561 | D:15     | Killed Josephine
 24587 | D:15     | Reached skill level 15 in Axes
 24698 | D:15     | Received a gift from Okawaru
 24733 | D:15     | Identified the +2 cloak "Cuwedim" {rF+ Dex+3 SInv Stlth+}
                  | (You found it on level 14 of the Dungeon)
 24784 | D:15     | Found Unuenaci's Weapon Emporium.
 25237 | D:9      | Bought a wand of acid (13) for 510 gold pieces
 25347 | Spider:1 | Entered Level 1 of the Spider Nest
 25559 | Spider:1 | Reached skill level 1 in Throwing
 25563 | Spider:1 | Found a runed translucent door.
 25769 | Spider:1 | Noticed robotcentaur's ghost (adept TeNe)
 25950 | Spider:2 | Reached XP level 17. HP: 109/109 MP: 25/25
 26302 | Spider:3 | Received a gift from Okawaru
 26400 | Spider:3 | Noticed Arachne
 26414 | Spider:3 | Killed Arachne
 26826 | Spider:4 | Entered Level 4 of the Spider Nest
 27045 | Spider:4 | Found a corrupted altar of Lugonu.
 27496 | Spider:4 | Noticed Agnes
 27509 | Spider:4 | Killed Agnes
 27545 | Spider:4 | Received a gift from Okawaru
 27730 | Spider:4 | Got a gossamer rune of Zot
 27905 | Swamp:1  | Entered Level 1 of the Swamp
 27950 | Swamp:1  | Found a transporter.
 27962 | Swamp:1  | Noticed Jacimip's ghost (journeyman HaHu)
 28000 | Swamp:1  | Found a transporter.
 28173 | Swamp:2  | Got a transparent dagger
 28213 | Swamp:2  | Noticed a tentacled monstrosity
 28220 | Swamp:2  | Killed a tentacled monstrosity
 28221 | Swamp:2  | Reached XP level 18. HP: 106/116 MP: 24/27
 28748 | Swamp:3  | Received a gift from Okawaru
 29179 | Swamp:4  | Entered Level 4 of the Swamp
 29191 | Swamp:4  | Reached skill level 5 in Throwing
 29203 | Swamp:4  | Noticed Aizul
 29213 | Swamp:4  | Killed Aizul
 29232 | Swamp:4  | Noticed Louise
 29247 | Swamp:4  | Killed Louise
 29335 | Swamp:4  | Got a bloodstained chain mail
 29384 | Swamp:4  | Noticed a bone dragon
 29402 | Swamp:4  | Killed a bone dragon
 29443 | Swamp:4  | Got a decaying rune of Zot
 29613 | Swamp:4  | Received a gift from Okawaru
 29720 | Swamp:4  | Got a pair of faintly humming gloves {god gift}
 30025 | Swamp:4  | Identified the +2 pair of gloves of Kioveh {rF- rN+ Will+++
                  | Int+3} (Okawaru gifted it to you on level 4 of the Swamp)
 30046 | Swamp:4  | Identified the +6 chain mail of the Goldsmith {Harm Stlth+}
                  | (You found it on level 4 of the Swamp)
 30366 | Vaults:1 | Entered Level 1 of the Vaults
 30379 | Vaults:1 | Found Nusi's Magic Scroll Shoppe.
 30393 | Vaults:1 | Bought a scroll of identify for 26 gold pieces
 30393 | Vaults:1 | Bought a scroll of identify for 26 gold pieces
 30393 | Vaults:1 | Identified a scroll of acquirement
 30395 | Vaults:1 | Acquired 523 gold pieces
 30662 | Vaults:1 | Reached XP level 19. HP: 122/122 MP: 26/28
 30681 | Vaults:1 | Noticed a Tzitzimitl
 30702 | Vaults:1 | Received a gift from Okawaru
 30765 | Vaults:1 | Got a twisted arbalest
 30926 | Vaults:1 | Received a gift from Okawaru
 31026 | Vaults:1 | Found Dycyugg's Magic Scroll Shop.
 31029 | Vaults:1 | Bought a scroll of fog for 28 gold pieces
 31097 | Vaults:1 | Reached skill level 15 in Fighting
 31433 | Vaults:1 | Found Iqod's Antique Armour Emporium.
 31573 | Vaults:2 | Received a gift from Okawaru
 31587 | Vaults:2 | Received a gift from Okawaru
 31616 | Vaults:2 | Received a gift from Okawaru
 31688 | Vaults:2 | You are sucked into a shaft and drop 1 floor!
 31711 | Vaults:3 | Received a gift from Okawaru
 31731 | Vaults:3 | Got a bloodstained hat {god gift}
 31764 | Vaults:3 | Identified the +1 hat "Ilavuits" {Str+4} (Okawaru gifted it
                  | to you on level 3 of the Vaults)
 32201 | Vaults:3 | Reached XP level 20. HP: 121/130 MP: 26/29
 32862 | Vaults:4 | Received a gift from Okawaru
 33330 | Vaults:4 | Received a gift from Okawaru
 33758 | Vaults:5 | Entered Level 5 of the Vaults
 33933 | Vaults:5 | Reached skill level 15 in Shields
 33959 | Vaults:5 | Received a gift from Okawaru
 33960 | Vaults:5 | Reached skill level 15 in Armour
 33962 | Vaults:5 | Reached XP level 21. HP: 136/136 MP: 24/30
 34026 | Vaults:5 | Noticed a golden dragon
 34047 | Vaults:5 | Killed a golden dragon
 34342 | Vaults:5 | Received a gift from Okawaru
 34382 | Vaults:5 | Received a gift from Okawaru
 34387 | Vaults:5 | Got a silver rune of Zot
 34414 | Vaults:5 | Noticed a golden dragon
 34423 | Vaults:5 | Killed a golden dragon
 34496 | Vaults:5 | Received a gift from Okawaru
 34539 | Vaults:5 | Reached skill level 10 in Evocations
 34627 | Vaults:5 | Identified the +5 scale mail of Baldness {Rampage rN+}
 34633 | Vaults:5 | Received a gift from Okawaru
 34701 | Vaults:5 | Found the -2 hat of the Alchemist {rElec rPois rF+ rC+ rN+
                  | Will+ rMut rCorr}
 34764 | Vaults:5 | Noticed a golden dragon
 34784 | Vaults:5 | Killed a golden dragon
 34826 | Vaults:5 | Received a gift from Okawaru
 35043 | Vaults:5 | Reached XP level 22. HP: 126/144 MP: 26/31
 35065 | Vaults:5 | Identified the cursed +2 triple crossbow of the Salmon
                  | {freeze, Will+ SInv}
 35220 | Vaults:5 | Reached skill level 10 in Throwing
 35474 | Vaults:5 | Noticed a golden dragon
 35489 | Vaults:5 | Killed a golden dragon
 35496 | Vaults:5 | Got a fine flail
 35772 | Depths:1 | Entered Level 1 of the Depths
 35776 | Depths:1 | Found a gateway to Hell.
 35822 | Depths:1 | Found Janoawnu's Gadget Emporium.
 35823 | Depths:1 | Found Gauph's Jewellery Boutique.
 35824 | Depths:1 | Found Ykyroyro's Gadget Emporium.
 35832 | Depths:1 | Bought a +4 ring of slaying for 780 gold pieces
 35844 | Depths:1 | Found Vaeplah's Antique Armour Shoppe.
 35870 | Depths:1 | Received a gift from Okawaru
 35903 | Depths:1 | Found Udeuk's Distillery.
 35911 | Depths:1 | Bought a potion of mutation for 128 gold pieces
 35911 | Depths:1 | Bought a potion of might for 64 gold pieces
 35911 | Depths:1 | Bought a potion of curing for 48 gold pieces
 35911 | Depths:1 | Bought a potion of mutation for 128 gold pieces
 35911 | Depths:1 | Bought 2 potions of heal wounds for 160 gold pieces
 36004 | Depths:1 | Found Pukees's Weapon Boutique.
 36042 | Depths:1 | You fall into a shaft and drop 1 floor!
 36163 | Depths:2 | Found Rocush's Jewellery Shop.
 36373 | Depths:2 | Got an iridescent great sword
 36402 | Depths:2 | Received a gift from Okawaru
 36427 | Depths:2 | Found a viscous altar of Jiyva.
 36441 | Depths:2 | Got a glimmering buckler {god gift}
 37095 | Slime:1  | Entered Level 1 of the Pits of Slime
 37125 | Slime:5  | Entered Level 5 of the Pits of Slime
 37148 | Slime:5  | Reached XP level 23. HP: 134/150 MP: 26/32
 37161 | Slime:5  | Gained mutation: You are frail. (-10% HP) [a shining eye]
 37191 | Slime:5  | Noticed the Royal Jelly
 37193 | Slime:5  | Found a viscous altar of Jiyva.
 37193 | Slime:5  | Gained mutation: You tend to lose your temper in combat. [a
                  | shining eye]
 37218 | Slime:5  | Killed the Royal Jelly
 37229 | Slime:5  | Paralysed by a floating eye for 2 turns
 37238 | Slime:5  | Gained mutation: Your muscles are strong. (Str +2) [a
                  | shining eye]
 37379 | Slime:5  | Found the amulet of the Four Winds {rN+ Will+++ Clar}
 37382 | Slime:5  | Got a glittering lapis lazuli ring
 37399 | Slime:5  | Got a slimy rune of Zot
 37415 | Slime:5  | Got a bloodstained kite shield
 37550 | Slime:2  | Received a gift from Okawaru
 37773 | Temple   | Entered the Ecumenical Temple
 37972 | Temple   | Fell from the grace of Okawaru
 37972 | Temple   | Became a worshipper of the Shining One
 37983 | Temple   | Identified the ring of Uceced {Fire rN+ Str+2 Stlth+} (You
                  | found it on level 5 of the Pits of Slime)
 38567 | Vaults:2 | Reached * piety under the Shining One
 38724 | Vaults:2 | Found a staircase to the Crypt.
 38743 | Crypt:1  | Entered Level 1 of the Crypt
 38811 | Crypt:1  | Reached ** piety under the Shining One
 38982 | Crypt:1  | Reached *** piety under the Shining One
 39203 | Crypt:1  | Reached **** piety under the Shining One
 39378 | Crypt:1  | Found a basalt altar of Yredelemnul.
 39449 | Crypt:2  | Reached ***** piety under the Shining One
 39512 | Crypt:2  | Lost mutation: Your muscles are strong. (Str +2) [potion of
                  | mutation]
 39512 | Crypt:2  | Lost mutation: You tend to lose your temper in combat.
                  | [potion of mutation]
 39512 | Crypt:2  | Lost mutation: You are frail. (-10% HP) [potion of
                  | mutation]
 39512 | Crypt:2  | Gained mutation: Your mind is acute. (Int +2) [potion of
                  | mutation]
 39896 | Crypt:2  | Reached skill level 15 in Invocations
 40148 | Crypt:3  | Entered Level 3 of the Crypt
 40148 | Crypt:3  | Reached ****** piety under the Shining One
 40365 | Crypt:3  | Reached XP level 24. HP: 157/157 MP: 34/34
 40381 | Crypt:3  | Noticed Xtahua
 40392 | Crypt:3  | Killed Xtahua
 40734 | Crypt:3  | Got a scorched leather armour
 40735 | Crypt:3  | Identified the Handbook of Ice and Bewitchment
 40752 | Crypt:3  | Identified Calejan's Collected Works on Execration
 40785 | Crypt:3  | Identified the Incunabulum of Intuition
 40925 | Crypt:3  | Found a staircase to the Tomb.
 40945 | Crypt:2  | Identified a +9 broad axe of holy wrath (a +7 broad axe of
                  | electrocution blessed by the Shining One)
 40945 | Crypt:2  | Received a gift from the Shining One
 41222 | Hell     | Entered the Vestibule of Hell
 41222 | Hell     | Noticed Geryon
 41222 | Hell     | Noticed Murray
 41240 | Hell     | Killed Geryon
 41243 | Hell     | Killed Murray
 41309 | Hell     | Found a gateway to the Iron City of Dis.
 41423 | Hell     | Found a gateway to the ashen valley of Gehenna.
 41485 | Hell     | Found a gateway to the decaying netherworld of Tartarus.
 41497 | Tar:1    | Entered Level 1 of Tartarus
 41701 | Tar:1    | Found a shadowy altar of Dithmenos.
 42032 | Tar:2    | Reached XP level 25. HP: 166/166 MP: 36/36
 42512 | Tar:7    | Entered Level 7 of Tartarus
 42768 | Tar:7    | Noticed Ereshkigal
 42772 | Tar:7    | Identified the +4 tower shield "Jownazu" {Harm Rampage rF+}
 42790 | Tar:7    | Killed Ereshkigal
 42823 | Tar:7    | Got a bone rune of Zot
 42985 | Geh:1    | Entered Level 1 of Gehenna
 43104 | Geh:4    | Reached XP level 26. HP: 83/176 MP: 32/37
 43575 | Geh:7    | Entered Level 7 of Gehenna
 43706 | Geh:7    | Identified the cursed +0 tower shield of Rasykh {Rampage
                  | Will+++ Str-4 Int-2}
 43707 | Geh:7    | Identified the cursed +0 tower shield "Keco" {Rampage
                  | Str+3}
 43889 | Geh:7    | Identified the +7 sceptre of Asmodeus
 43889 | Geh:7    | Noticed Asmodeus
 43925 | Geh:7    | Killed Asmodeus
 43956 | Geh:7    | Got an obsidian rune of Zot
 44220 | Hell     | Found a gateway to the freezing wastes of Cocytus.
 44244 | Coc:1    | Entered Level 1 of Cocytus
 44302 | Coc:1    | Was forgiven by Okawaru
 44373 | Coc:1    | Noticed a shard shrike
 44379 | Coc:1    | Killed a shard shrike
 44503 | Coc:1    | Noticed a shard shrike
 44531 | Coc:1    | Killed a shard shrike
 44703 | Coc:2    | You are sucked into a shaft and drop 2 floors!
 44894 | Coc:5    | Reached XP level 27. HP: 184/184 MP: 38/38
 45013 | Coc:6    | You are sucked into a shaft and drop 1 floor!
 45013 | Coc:7    | Entered Level 7 of Cocytus
 45040 | Coc:7    | Noticed the Serpent of Hell
 45057 | Coc:7    | Killed the Serpent of Hell
 45166 | Coc:7    | Noticed Antaeus
 45200 | Coc:7    | Killed Antaeus
 45225 | Coc:7    | Got an icy rune of Zot
 45385 | Dis:1    | Entered Level 1 of the Iron City of Dis
 46097 | Dis:5    | You are sucked into a shaft and drop 1 floor!
 46364 | Dis:7    | Entered Level 7 of the Iron City of Dis
 46718 | Dis:7    | Identified the +4 staff of Dispater
 46718 | Dis:7    | Noticed Dispater
 46751 | Dis:7    | Killed Dispater
 46782 | Dis:7    | Reached skill level 10 in Dodging
 46804 | Dis:7    | Got an iron rune of Zot
 47072 | Depths:3 | Noticed Nikola
 47098 | Depths:3 | Killed Nikola
 47123 | Depths:3 | Noticed Mara
 47132 | Depths:3 | Noticed sentinel's illusion
 47158 | Depths:3 | Killed Mara
 47402 | Depths:3 | Got a tiger eye-encrusted leather armour
 47419 | Depths:3 | Found a one-way gate leading to the halls of Pandemonium.
 47624 | Depths:4 | Found Fodovvo's Jewellery Shop.
 47626 | Depths:4 | Found Biastrown's General Store.
 47629 | Depths:4 | Found Igaol's Distillery.
 47638 | Depths:4 | Bought the amulet "Xoumis" {Reflect *Corrode Will+++ Dex+2
                  | SH+5 Stlth-} for 862 gold pieces
 47638 | Depths:4 | Bought a +4 ring of slaying for 1482 gold pieces
 47653 | Depths:4 | Bought a potion of curing for 39 gold pieces
 47653 | Depths:4 | Bought a potion of curing for 39 gold pieces
 47655 | Depths:4 | Bought a potion of curing for 69 gold pieces
 47655 | Depths:4 | Bought a potion of ambrosia for 184 gold pieces
 47655 | Depths:4 | Bought a potion of lignification for 69 gold pieces
 47655 | Depths:4 | Bought 2 potions of heal wounds for 230 gold pieces
 47655 | Depths:4 | Bought a potion of cancellation for 184 gold pieces
 47655 | Depths:4 | Bought a potion of curing for 69 gold pieces
 47655 | Depths:4 | Bought a potion of mutation for 184 gold pieces
 47655 | Depths:4 | Bought a potion of ambrosia for 184 gold pieces
 47655 | Depths:4 | Bought a potion of curing for 69 gold pieces
 47655 | Depths:4 | Bought a potion of curing for 69 gold pieces
 48563 | Pan      | Entered Pandemonium
 48563 | Pan      | Noticed Coitikits the pandemonium lord
 48571 | Pan      | Killed Coitikits the pandemonium lord
 48702 | Depths:4 | Escaped Pandemonium
 48704 | Pan      | Entered Pandemonium
 48953 | Pan      | Gained mutation: You are weak. (Str -2) [a cacodemon]
 49080 | Pan      | Entered the realm of Gloorx Vloq.
 49507 | Pan      | Noticed Gloorx Vloq
 49523 | Pan      | Killed Gloorx Vloq
 49569 | Pan      | Got a dark rune of Zot
 49706 | Pan      | Noticed Lifihih the pandemonium lord
 49717 | Pan      | Killed Lifihih the pandemonium lord
 49771 | Pan      | Entered the realm of Mnoleg.
 49838 | Pan      | Gained mutation: Potions are less effective at restoring
                  | your health. [a neqoxec]
 49854 | Pan      | Noticed Mnoleg
 49870 | Pan      | Killed Mnoleg
 49923 | Pan      | Got a glowing rune of Zot
 50009 | Pan      | Gained mutation: Your spells are a little easier to cast,
                  | but a little less powerful. [a neqoxec]
 50013 | Pan      | Gained mutation: You are frail. (-10% HP) [a neqoxec]
 50049 | Pan      | Lost mutation: Your mind is acute. (Int +2) [potion of
                  | mutation]
 50049 | Pan      | Lost mutation: Your spells are a little easier to cast, but
                  | a little less powerful. [potion of mutation]
 50049 | Pan      | Gained mutation: You are partially covered in yellow
                  | scales. (AC +2) [potion of mutation]
 50050 | Pan      | Lost mutation: You are frail. (-10% HP) [potion of
                  | mutation]
 50050 | Pan      | Lost mutation: You are weak. (Str -2) [potion of mutation]
 50050 | Pan      | Lost mutation: You are partially covered in yellow scales.
                  | (AC +2) [potion of mutation]
 50050 | Pan      | Gained mutation: You have sharp toenails. [potion of
                  | mutation]
 50051 | Pan      | Lost mutation: Potions are less effective at restoring your
                  | health. [potion of mutation]
 50051 | Pan      | Lost mutation: You have sharp toenails. [potion of
                  | mutation]
 50051 | Pan      | Gained mutation: You are partially covered in slimy green
                  | scales. (AC +2) [potion of mutation]
 50213 | Pan      | Found an exit through the horrors of the Abyss.
 50337 | Pan      | Entered the realm of Cerebov.
 50489 | Pan      | Identified the +6 sword of Cerebov {flame}
 50489 | Pan      | Noticed Cerebov
 50513 | Pan      | Killed Cerebov
 50535 | Pan      | Got a fiery rune of Zot
 50808 | Pan      | Entered the realm of Lom Lobon.
 51136 | Pan      | Found an exit through the horrors of the Abyss.
 51351 | Pan      | Noticed Lom Lobon
 51731 | Pan      | Got a magical rune of Zot
 52203 | Pan      | Noticed Vuxy the pandemonium lord
 52212 | Pan      | Killed Vuxy the pandemonium lord
 52218 | Pan      | Gained mutation: Your spells are a little easier to cast,
                  | but a little less powerful. [a neqoxec]
 52422 | Pan      | Found an exit through the horrors of the Abyss.
 52497 | Pan      | Noticed Lom Lobon
 52518 | Pan      | HP: 1/192 [Lom Lobon/great icy blast (47)]
 52847 | Pan      | Noticed Xylegg the pandemonium lord
 52856 | Pan      | Cast into level 5 of the Abyss (Xylegg)
 52856 | Abyss:5  | Entered Level 5 of the Abyss
 52992 | Abyss:5  | Found a runed translucent door.
 52993 | Abyss:5  | Found a runed translucent door.
 52995 | Abyss:5  | Found a runed translucent door.
 52995 | Abyss:5  | Found a runed translucent door.
 53001 | Abyss:5  | Found a runed translucent door.
 53004 | Abyss:5  | Found a runed translucent door.
 53004 | Abyss:5  | Found a runed translucent door.
 53008 | Abyss:5  | Found a runed translucent door.
 53010 | Abyss:5  | Found a runed translucent door.
 53010 | Abyss:5  | Found a runed translucent door.
 53017 | Abyss:5  | Found a runed translucent door.
 53029 | Abyss:5  | Found a corrupted altar of Lugonu.
 53029 | Abyss:5  | Found a runed translucent door.
 53039 | Abyss:5  | Got an abyssal rune of Zot
 53040 | Abyss:5  | Found a runed translucent door.
 53054 | Pan      | Escaped the Abyss
 53063 | Pan      | Killed Xylegg the pandemonium lord
 53191 | Pan      | Got a demonic rune of Zot
 53504 | Pan      | Took an exit into the Abyss.
 53504 | Abyss:1  | Escaped into the Abyss
 53504 | Abyss:1  | Found a corrupted altar of Lugonu.
 53560 | Abyss:1  | Found a corrupted altar of Lugonu.
 53666 | Depths:4 | Escaped the Abyss
 54011 | Tomb:1   | Entered Level 1 of the Tomb of the Ancients
 54171 | Tomb:1   | Noticed a royal mummy
 54187 | Tomb:1   | Killed a royal mummy
 54456 | Tomb:2   | Noticed a royal mummy
 54458 | Tomb:2   | Noticed a royal mummy
 54470 | Tomb:2   | Noticed Boris
 54474 | Tomb:2   | Killed Boris
 54498 | Tomb:3   | Entered Level 3 of the Tomb of the Ancients
 54498 | Tomb:3   | Noticed Boris
 54507 | Tomb:3   | Killed Boris
 54511 | Tomb:3   | Noticed a royal mummy
 54512 | Tomb:3   | Noticed a royal mummy
 54527 | Tomb:3   | Noticed a royal mummy
 54530 | Tomb:3   | Noticed a royal mummy
 54554 | Tomb:3   | Killed a royal mummy
 54570 | Tomb:3   | Killed a royal mummy
 54571 | Tomb:3   | Killed a royal mummy
 54577 | Tomb:3   | Noticed an ancient lich
 54584 | Tomb:3   | Killed an ancient lich
 54584 | Tomb:3   | Killed a royal mummy
 54588 | Tomb:3   | Noticed an ancient lich
 54588 | Tomb:3   | Noticed a royal mummy
 54589 | Tomb:3   | Noticed a royal mummy
 54597 | Tomb:3   | Killed a royal mummy
 54598 | Tomb:3   | Killed an ancient lich
 54602 | Tomb:3   | Killed a royal mummy
 54792 | Tomb:3   | Found the +10 zealot's sword {holy, *Rage rN+ EV+3}
 54803 | Tomb:3   | Got a faintly glowing buckler
 54813 | Tomb:3   | Got a crystal hunting sling
 54905 | Tomb:3   | Got a golden rune of Zot
 55491 | Depths:5 | Entered Level 5 of the Depths
 55665 | Depths:5 | Reached skill level 15 in Dodging
 55737 | Depths:5 | Found a gate to the Realm of Zot.
 55747 | Zot:1    | Entered Level 1 of the Realm of Zot
 55747 | Zot:1    | Noticed an ancient lich
 55752 | Zot:1    | Killed an ancient lich
 56109 | Zot:3    | Noticed an orb of fire
 56111 | Zot:3    | Gained mutation: Your body sometimes deteriorates upon
                  | taking damage. [an orb of fire]
 56118 | Zot:3    | Gained mutation: You are agile. (Dex +2) [an orb of fire]
 56145 | Zot:3    | Killed an orb of fire
 56151 | Zot:3    | Lost mutation: Your body sometimes deteriorates upon taking
                  | damage. [potion of mutation]
 56151 | Zot:3    | Lost mutation: You are agile. (Dex +2) [potion of mutation]
 56151 | Zot:3    | Lost mutation: Your spells are a little easier to cast, but
                  | a little less powerful. [potion of mutation]
 56151 | Zot:3    | Gained mutation: You are occasionally teleported next to
                  | monsters. [potion of mutation]
 56151 | Zot:3    | Gained mutation: You evolve. [potion of mutation]
 56152 | Zot:3    | Lost mutation: You are partially covered in slimy green
                  | scales. (AC +2) [potion of mutation]
 56152 | Zot:3    | Lost mutation: You are occasionally teleported next to
                  | monsters. [potion of mutation]
 56152 | Zot:3    | Gained mutation: You are robust. (+10% HP) [potion of
                  | mutation]
 56310 | Zot:3    | Identified the cursed ring of Kaaqenu {AC-4 Dex+2}
 56499 | Zot:5    | Entered Level 5 of the Realm of Zot
 56684 | Zot:5    | Noticed an ancient lich
 56684 | Zot:5    | Noticed an orb of fire
 56685 | Zot:5    | Noticed an orb of fire
 56685 | Zot:5    | Noticed an orb of fire
 56685 | Zot:5    | Gained mutation: Your spells are a little easier to cast,
                  | but a little less powerful. [an orb of fire]
 56692 | Zot:5    | Got the Orb of Zot
 56695 | Zot:5    | Noticed an ancient lich
 56695 | Zot:5    | Noticed an orb of fire
 56755 | Zot:3    | Noticed Boris
 56764 | Zot:3    | Killed Boris
 57008 | D:14     | Gained mutation: You possess an exceptional clarity of
                  | mind. [evolution]
 57379 | D:$      | Escaped with the Orb!

Illustrated notes

Levels and vault maps discovered:
D:1:      dpeg_arrival_prison, layout_basic
D:2:      minmay_spotlight, layout_loops_ring, chequers_ecumenical_altar_grove,
          minmay_pentomino_u4
D:3:      minmay_skewed_foursquare, layout_loops_cross
D:4:      layout_rooms, uniq_edmund, uniq_sigmund, uniq_blork_the_orc
D:5:      layout_loops_ring, overflow_temple_1_default, serial_shops,
          nicolae_shop_competitors_out_of_business, shop, shop,
          nicolae_shop_trees, okawaru_trees_2, uniq_grinder
D:6:      layout_loops_ring
D:7:      layout_loops_ring, minmay_temple_entry_overgrown, gammafunk_ghost_icy,
          lightli_orcish_oven
D:8:      minmay_cornered_nines, layout_loops_ring, enter_ossuary_4,
          gammafunk_ghost_stat_death, uniq_pikel
D:9:      layout_loops_ring, erik_lair_island, serial_shops, shop, shop_statue,
          serial_ice, serial_ice_e, serial_ice_d, serial_ice_k, serial_ice_c,
          serial_ice_o, serial_ice_b, serial_ice_g, serial_ice_m, serial_ice_a,
          serial_ice_f
D:10:     layout_loops_ring
D:11:     layout_irregular_city, orc_0_dummy, serial_shops, nicolae_shop_trees
D:12:     layout_gridville, gauntlet_entry_generic,
          gammafunk_ghost_abyssal_escape
D:13:     layout_cave_pools, uniq_jorgrun
D:14:     layout_basic, david_vaults_4, serial_park_fountain
D:15:     hangedman_depths_entry_try_elsewhere_first, layout_loops_ring,
          serial_shops, shop, hangedman_abyss_or_decor_stagger, uniq_josephine
Temple:   kilobyte_greek_temple
Lair:1:   layout_cave_pods, st_stairs_11, lemuel_fruit_tree, uniq_nergalle,
          uniq_erica, uniq_fannar
Lair:2:   layout_regular_city, basic_altar, infiniplex_staircase_pool_2
Lair:3:   layout_hall_layers, skrybe_swamp_entry_bodies,
          eino_small_chamber_without_monster, serial_bayou_pond_e,
          minmay_another_anthill
Lair:4:   layout_cave_pods, spider_nest_entry_funnel_web, grunt_megastairs_5,
          serial_bayou_shore_a
Lair:5:   layout_cellular_growth, basic_altar, minmay_lair_oklob_chamber
Lair:6:   cheibrodos_lair_end_hotspot, layout_layer_cave, slime_dummy,
          lightli_volcano_entry_magma_tube, uniq_nessos
Swamp:1:  layout_falls_marsh, gammafunk_ghost_arena,
          evilmike_swamp_ruin_house_5, swamp_pool5,
          nicolae_swamp_oklob_treasure_island
Swamp:2:  layout_basic_swamp, hangedman_swamp_ruin_hall, swamp_pool4
Swamp:3:  layout_basic_swamp, nicolae_swamp_very_dense_foliage, swamp_pool5
Swamp:4:  swamp_pestilence, layout_basic_swamp, uniq_louise, uniq_aizul
Spider:1: layout_spider_delve, ebering_ghost_reflecting_pool,
          guppyfry_hornet_nest
Spider:2: layout_spider_delve
Spider:3: layout_spider_delve, uniq_arachne
Spider:4: spider_rune_water, amcnicky_altar_lugonu_corruption, uniq_agnes
Slime:1:  layout_caves
Slime:2:  layout_caves, nicolae_slime_barrier
Slime:3:  layout_caves, uniq_dissolution
Slime:4:  layout_caves
Slime:5
Orc:1:    layout_diamond_mine, serial_shops, nicolae_shop_statue_plus
Orc:2:    st_orc_congregation, layout_caves, trog_book
Vaults:1: nicolae_vaults_yaktaur_gun_rack, v_alt_pattern_3, v_misc_13,
          nicolae_vaults_windows_and_doors_thing, vaults_room_glass_cross,
          ontoclasm_vaults_idyll, nicolae_vaults_border_crossing,
          nicolae_vaults_mini_display_case, ontoclasm_vaults_claustrophobia,
          grunt_vaults_hallway_long, vaults_dpeg_diagonal,
          layout_vaults_omnibox, serial_shops, nicolae_shop_stone,
          nicolae_shop_trees, shop
Vaults:2: vaults_room_door_hall, vaults_room_fours,
          minmay_crypt_entry_nasty_monster, v_misc_26, hangedman_vaults_maws,
          ontoclasm_vaults_shout, layout_vaults_quadrants
Vaults:3: v_rooms_2, nicolae_vaults_little_ls, vaults_dpeg_hooks,
          hangedman_vaults_capsules, v_alt_pattern_3, v_misc_12,
          ontoclasm_vaults_loading_screen, nicolae_vaults_three_branches,
          nicolae_vaults_alarming, ontoclasm_vaults_ligature, v_alt_pattern_5,
          vaults_dpeg_encased_lava, nicolae_vaults_circle_grid_a,
          layout_vaults_big_room
Vaults:4: vaults_room_door_hall, ontoclasm_vaults_ring_large,
          hangedman_vaults_nails, v_alt_pattern_6, v_misc_13, v_misc_11,
          v_misc_3, vaults_room_grunt_arrival_ludios, v_misc_19,
          layout_vaults_omnicross
Vaults:5: serial_shops
Crypt:1:  layout_gridlike, lemuel_mausoleum_altar_yredelemnul
Crypt:2:  layout_gridlike
Crypt:3:  due_elkab, layout_chaotic_city, uniq_xtahua
Tomb:1
Tomb:2:   uniq_boris
Tomb:3
Depths:1: layout_cave_shapes, hell_entry, abyss_entry, serial_shops,
          nicolae_shop_competitors_out_of_business, shop, shop,
          not_door_vault_due, grunt_megastairs_2, minmay_shop_grove
Depths:2: minmay_eyes, layout_gridville, grunt_decor_cap, special_room
          [special_room_jelly], grunt_mini_vestibule, serial_shops, shop,
          infiniplex_staircase_river
Depths:3: minmay_bubble_buster, layout_cave_pools, enter_ziggurat_c,
          pf_vacation_house_of_asmodeus, serial_glass, glass_columns_a,
          glass_columns_c, glass_columns_b, glass_columns_a, glass_columns_b,
          glass_columns_a, glass_columns_c, glass_columns_b, glass_columns_b,
          glass_columns_b, glass_columns_c, glass_columns_c, glass_columns_a,
          glass_columns_b, pan_entry, chequers_serial_rivers_micro_c, uniq_mara,
          uniq_nikola
Depths:4: minmay_distorted_concentric_squares, layout_basic,
          chequers_serial_rivers_small_3, hell_entry, abyss_entry, pan_entry,
          minmay_shop_star, infiniplex_staircase_pool_1
Depths:5: evilmike_zot_entry_diamond, layout_cave_pools, hell_entry,
          rand_demon_pan_entry_5, chequers_serial_rivers_room_a,
          serial_bayou_pond_c, grunt_ministairs_10, nicolae_barding_shop
Hell
Dis:1:    layout_regular_city, grunt_megastairs_1
Dis:2:    layout_gridville
Dis:3:    layout_gridville
Dis:4:    layout_regular_city
Dis:5:    layout_jigsaw
Dis:6:    layout_gridville, hangedman_dis_chains
Dis:7:    iron_city_of_dis [dis_mu, dis_wall_4], layout_chaotic_city
Geh:1:    layout_gehenna_pools_box
Geh:2:    layout_gehenna_pools_triple, hangedman_gehenna_grave_pits,
          lemuel_hellion_isle
Geh:3:    layout_gehenna_pools_box
Geh:4:    layout_gehenna_lava_caves
Geh:5:    layout_gehenna_pools_basic
Geh:6:    layout_gehenna_pools_box
Geh:7:    geh_hangedman
Coc:1:    layout_ice_bergs
Coc:2:    layout_cocytus_delve
Coc:4:    layout_cocytus_delve, serial_ice, serial_ice_b, serial_ice_g,
          serial_ice_h, serial_ice_n
Coc:5:    layout_cocytus_water_paths
Coc:6:    layout_cocytus_water_paths
Coc:7:    coc_mu
Tar:1:    regret_index_dithmenos_brocken_genspenst, layout_grid_maze,
          nicolae_tar_cuneiform_bread
Tar:2:    layout_grid_maze
Tar:3:    layout_catacombs
Tar:4:    layout_catacombs, lemuel_elevator
Tar:5:    layout_grid_maze
Tar:6:    layout_honeycomb, hangedman_snap_crack_crunch
Tar:7:    tar_mu [tar_mu_maze]
Zot:1:    ebering_klown_carousel, layout_basic, lemuel_golem_globe
Zot:2:    layout_onion, kennysheep_underground_church
Zot:3:    grunt_zot_stairs_mandelzot, layout_misc_corridors
Zot:4:    kennysheep_blocky_hall, layout_onion
Zot:5:    layout_cellular_growth, skrybe_zot_glass_2

Skill      XL: |  1  2  3  4  5  6  7  8  9 10 11 12 13 14 15 16 17 18 19 20 21 22 23 24 25 26 27 |
---------------+----------------------------------------------------------------------------------+-----
Axes           | 2 3 4 5 6 8 9 10 11 12 13 14 15 16 17 18 19 20 | 20.0
Fighting       | 4 5 6 7 8 9 10 11 12 13 14 15 16 17 18 19 20 21 26 | 26.4
Invocations    | 1 3 5 6 7 8 9 10 11 12 13 15 18 21 23 26 | 26.8
Armour         | 5 6 7 8 9 10 11 12 13 14 15 16 23 | 23.0
Shields        | 4 6 7 8 9 10 11 12 13 14 15 16 17 23 | 23.2
Evocations     | 3 4 5 6 7 8 9 10 | 10.0
Dodging        | 2 4 5 6 7 8 16 | 16.0
Throwing       | 2 4 6 7 8 9 10 11 | 11.2

Action                   |  1- 3 |  4- 6 |  7- 9 | 10-12 | 13-15 | 16-18 | 19-21 | 22-24 | 25-27 || total
-------------------------+-------+-------+-------+-------+-------+-------+-------+-------+-------++-------
Melee: War axe           |   114 |    83 |   295 |       |       |       |       |       |       ||   492
       Broad axe         |       |       |   126 |   898 |  1387 |   969 |   905 |  1337 |  3533 ||  9155
       Hand axe          |       |       |       |    20 |    87 |       |       |       |       ||   107
Throw: Javelin           |       |       |       |       |       |     1 |       |     2 |       ||     3
       Dart              |       |       |       |       |       |       |       |       |     2 ||     2
Invok: Heroism           |       |       |     4 |    25 |    44 |    26 |    18 |     6 |       ||   123
       Finesse           |       |       |       |     1 |     8 |     6 |     8 |     2 |       ||    25
       Divine Shield     |       |       |       |       |       |       |       |     6 |    27 ||    33
       Summon Divine War |       |       |       |       |       |       |       |     4 |    41 ||    45
       Cleansing Flame   |       |       |       |       |       |       |       |     1 |   107 ||   108
       Brand Weapon With |       |       |       |       |       |       |       |     1 |       ||     1
 Abil: Fly               |       |       |       |       |       |     1 |       |       |     3 ||     4
       Stop Flying       |       |       |       |       |       |       |     1 |       |     2 ||     3
Evoke: Wand              |       |       |     1 |     2 |     6 |       |       |       |     6 ||    15
       Condenser vane    |       |       |       |       |     2 |     2 |       |     1 |       ||     5
  Use: Potion            |       |     1 |     1 |     1 |     5 |       |     1 |     3 |    38 ||    50
       Scroll            |       |     5 |     3 |    11 |    14 |    10 |    11 |     7 |    47 ||   108
 Stab: Paralysed         |       |       |     7 |     5 |     5 |       |       |       |       ||    17
       Distracted        |       |       |       |       |       |    15 |    30 |     4 |       ||    49
Armor: Scale mail        |    46 |    37 |   115 |       |    75 |       |       |       |       ||   273
       Plate armour      |       |       |   139 |   618 |   766 |   500 |   222 |   330 |  1139 ||  3714
Dodge: Dodged            |    31 |    32 |   106 |   253 |   565 |   397 |   132 |   177 |   716 ||  2409
Block: Kite shield       |    69 |    45 |   193 |   541 |   950 |   536 |       |       |       ||  2334
       Tower shield      |       |       |       |       |       |   178 |   727 |  1383 |  4398 ||  6686
       Reflection        |       |       |       |       |       |       |       |    28 |   122 ||   150
